 Dungeon Crawl Stone Soup version 0.28-a0-1429-gf3d713df7a (webtiles) character file.

Game seed: 12565374715150666420

34 croobank the Chopper (level 3, -4/33 HPs)
             Began as a Minotaur Berserker on Jan 8, 2022.
             Was a Believer of Trog.
             Slain by a gnoll (8 damage)
             ... on level 2 of the Dungeon.
             The game lasted 00:04:02 (1348 turns).

croobank the Chopper (Minotaur Berserker)           Turns: 1348, Time: 00:04:10

Health: -4/33      AC:  6    Str: 23    XL:     3   Next: 14%
Magic:  2/2        EV: 10    Int:  4    God:    Trog [**....]
Gold:   50         SH:  0    Dex:  9    Spells: 2/2 levels left

rFire   . . .      SeeInvis .   a - +0 hand axe
rCold   . . .      Faith    .   (no shield)
rNeg    . . .      Spirit   .   i - +0 scale mail
rPois   .          Reflect  .   (helmet restricted)
rElec   .          Harm     .   (no cloak)
rCorr   .          Rampage  .   (no gloves)
Will    .....                   (no boots)
Stlth   ..........              (no amulet)
HPRegen 0.11/turn               (no ring)
MPRegen 0.08/turn               (no ring)

@: lethally poisoned (-4 -> -9)
A: horns 2, retaliatory headbutt
a: Renounce Religion, Berserk, Trog's Hand


You were on level 2 of the Dungeon.
You worshipped Trog.
Trog was pleased with you.
You visited 1 branch of the dungeon, and saw 2 of its levels.

You collected 50 gold pieces.

Inventory:

Hand Weapons
 a - a +0 hand axe (weapon)
 j - a +0 long sword
Missiles
 g - 17 bolts
 h - 18 stones (quivered)
Armour
 b - a +0 animal skin
 i - a +0 scale mail (worn)
Jewellery
 e - a ring of protection from cold
Scrolls
 f - a scroll of teleportation {unknown}
 k - a scroll of summoning {unknown}
 m - a scroll of fog {unknown}
Potions
 c - a potion of attraction {unknown}
 d - 2 potions of curing
 l - a potion of might {unknown}


   Skills:
 + Level 4.1 Fighting
 + Level 4.1 Axes
 + Level 3.0 Armour
 + Level 2.7 Dodging


You had 2 spell levels left.
You didn't know any spells.
Your spell library was empty.

Dungeon Overview and Level Annotations

Branches:
Dungeon (2/15)

Altars:


Innate Abilities, Weirdness & Mutations

You have a pair of horns on your head.
You reflexively headbutt those who attack you in melee.


Message History

The ball python grabs you. The ball python constricts you.
The ball python bites you but does no damage.
The ball python constricts you.
An adder comes into view.
You completely miss the ball python.
The adder hisses angrily.
The ball python closely misses you. You furiously retaliate!
You headbutt the ball python!
You kill the ball python!
Trog accepts your kill.
A gnoll comes into view. It is wielding a +0 spear.
The gnoll shouts!
The gnoll throws a throwing net.
The throwing net hits you.
You become entangled in the net!
Things that are here:
a throwing net; a ball python corpse You struggle against the net.
You struggle against the net.
The gnoll hits you from afar with a +0 spear.
You struggle against the net.
The adder bites you.
You are poisoned.
The adder poisons you! The gnoll hits you with a +0 whip.
The gnoll completely misses you.
You shred the net and break free!
You feel sick. The adder closely misses you. You furiously retaliate!
You headbutt the adder. The gnoll hits you with a +0 whip.
The adder bites you but does no damage.
The gnoll hits you from afar with a +0 spear.
* * * LOW HITPOINT WARNING * * *
You feel sick. The gnoll hits you with a +0 whip.
* * * LOW HITPOINT WARNING * * *
The gnoll hits you but does no damage.
* * * LOW HITPOINT WARNING * * *
You feel sick.
It was a potion of curing.
You feel better. The adder bites you but does no damage. The adder bites you.
* * * LOW HITPOINT WARNING * * *
You are lethally poisoned!
The adder poisons you!
The gnoll hits you from afar with a +0 spear!
You die...

.. #...... .# ##....... .#
#........ .##### #........
.....#### #........
........##########.g...>..
.....##..........#g.......
......[......>..@Sg.....$.
.....##############.......
###### ....... .......
....... ....... .....$.
.......


You could see 3 gnolls and an adder.

Vanquished Creatures
  3 bats
  3 endoplasms
  2 giant cockroaches (D:1)
  2 goblins (D:1)
  4 hobgoblins (D:1)
  4 jackals (D:2)
  A quokka (D:1)
  5 ball pythons
  2 frilled lizards (D:1)
  4 rats (D:1)
30 creatures vanquished.

Vanquished Creatures (others)
  5 toadstools (D:1)
5 creatures vanquished.

Grand Total: 35 creatures vanquished

Notes
Turn   | Place    | Note
-------+----------+-------------------------------------------
     0 | D:1      | croobank the Minotaur Berserker began the quest for the
                  | Orb.
     0 | D:1      | Reached XP level 1. HP: 19/19 MP: 0/0
    49 | D:1      | Upgraded the game from 0.28-a0-1415-g7c84da036a to
                  | 0.28-a0-1429-gf3d713df7a
   204 | D:1      | Reached XP level 2. HP: 19/27 MP: 1/1
   963 | D:1      | Reached ** piety under Trog
  1207 | D:2      | Reached XP level 3. HP: 28/33 MP: 2/2
  1348 | D:2      | Slain by a gnoll

Illustrated notes

Levels and vault maps discovered:
D:1:      ldierk_walled_garden, layout_loops_corners
D:2:      layout_rooms, ebering_ecumenical_altar_ruins

Skill      XL: |  1  2  3 |
---------------+----------+-----
Axes           | 4 |  4.1
Fighting       | 4 |  4.1
Armour         | 3 |  3.0
Dodging        | |  2.7

Action                   || total
-------------------------++-------
Melee: Hand axe          ||    57
       Headbutt          ||     6
       Punch             ||     1
  Use: Potion            ||     1
Armor: Animal skin       ||     6
       Scale mail        ||    15
Dodge: Dodged            ||    35

Table legend: (Time is in decaauts)
 A = Elapsed time spent in this place.
 B = Non-inter-level travel time spent in this place.
 C = Inter-level travel time spent in this place.
 D = Time resting spent in this place.
 E = Time spent auto-exploring this place.
 F = Levels seen in this place.
 G = Mean time per level.
                   A        B        C        D        E       F      G
               +--------+--------+--------+--------+--------+-----+--------+
         Total |   1354 |   1314 |     40 |    220 |    811 |   2 |  677.0 |
       Dungeon |   1354 |   1314 |     40 |    220 |    811 |   2 |  677.0 |
               +--------+--------+--------+--------+--------+-----+--------+

Top non-repeatable levels by time:
     D:1: 1110 daAuts
     D:2: 244 daAuts
